 Dungeon Crawl Stone Soup version 0.16-a0-4099-g0be755f (webtiles) character file.

50 dithyrambik the Caller (level 4, 0/30 HPs)
             Began as a Formicid Summoner on Feb 25, 2015.
             Succumbed to an adder's poison
             ... on level 2 of the Dungeon.
             The game lasted 00:15:08 (2480 turns).

dithyrambik the Caller (Formicid Summoner)          Turns: 2480, Time: 00:15:08

Health: 0/30       AC:  3    Str: 12    XL:     4   Next: 4%
Magic:  5/8        EV: 12    Int: 16    God:
Gold:   46         SH:  0    Dex: 11    Spells: 2 memorised, 4 levels left

rFire  . . .     SeeInvis +     d - +0 spear
rCold  . . .     Clarity  .     a - +0 robe
rNeg   . . .     SustAb   .     (no shield)
rPois  .         Gourm    .     (helmet unavailable)
rElec  .         Spirit   .     e - +0 cloak
rCorr  .         Warding  .     (no gloves)
rMut   .         Stasis   +     (no boots)
MR     .....                    (no amulet)
Stlth  ++........               (no ring)
                                (no ring)

@: lethally poisoned (0 -> -7), not resistant to hostile enchantments,
unstealthy
A: permanent stasis, dig shafts and tunnels, four strong arms, antennae 3
a: Dig, Shaft Self


You were on level 2 of the Dungeon.
You were near starving.

You visited 1 branch of the dungeon, and saw 2 of its levels.

You collected 46 gold pieces.

Inventory:

Hand weapons
 d - a +0 spear (weapon)
 h - a +1 dagger of venom
Armour
 a - a +0 robe (worn)
 e - a +0 cloak (worn)
Scrolls
 f - a scroll of noise
 g - a scroll of blinking
 i - a scroll of remove curse {unknown}
Books
 b - a book of Callings

   Spells                             Type                      Level
   a - Summon Small Mammal            Summoning                    1
   b - Call Imp                       Summoning                    2
   c - Call Canine Familiar           Summoning                    3
   d - Summon Guardian Golem          Hexes/Summoning              4
   e - Summon Lightning Spire         Summoning/Air                4
   f - Summon Ice Beast               Ice/Summoning                4
Comestibles
 c - a bread ration


   Skills:
 + Level 2.0 Polearms
 - Level 1.7 Dodging
 - Level 2.4 Stealth
 - Level 2.1 Spellcasting
 + Level 4.8 Summonings


You had 4 spell levels left.
You knew the following spells:

 Your Spells              Type           Power        Failure   Level  Hunger
a - Summon Small Mammal   Summ           ###.         3%          1    #......
b - Call Imp              Summ           ###.....     6%          2    ###....


Dungeon Overview and Level Annotations

Branches:
Dungeon (2/15)

Altars:


Innate Abilities, Weirdness & Mutations

You are under a permanent stasis effect.
You can dig through walls and to a lower floor.
Your four strong arms can wield two-handed weapons with a shield.
You have a pair of large antennae on your head (SInv).


Message History

You feel sick. The adder bites you.
Your crimson imp blinks!
You feel sick. The adder bites you.
* * * LOW HITPOINT WARNING * * *
You feel sick. The adder bites you.
* * * LOW HITPOINT WARNING * * *
You are more poisoned.
The adder poisons you!
* * * LOW HITPOINT WARNING * * *
You feel sick.
Your white imp gestures at the adder.
The puff of frost hits the adder.
The adder dies!
Your Polearms skill increases to level 2!
You have reached level 4!
You feel clever.
You aren't carrying any potions.
You die...

#^# #.## ###.## # #....##
##.########### #.###..
##............# #5# ##.
.........####.# #.###.#
#...####<####.## #.##.##
#........@.#..{#####.#.##
..###.#.#.†.5........##
#.#.###...####..#.# . ..#
##.#.........# #..###
#.#.###......# #.. #.#.#
#.#####. #. #.#.# #.# # .
..#.# #.# ###.# #.#


You could see a friendly white imp.

Vanquished Creatures
  A worm (D:2)
  An ooze (D:1)
  A goblin (D:1)
  4 hobgoblins (D:1)
  3 jackals (D:1)
  3 kobolds (D:1)
  5 bats (D:1)
  3 rats
21 creatures vanquished.

Vanquished Creatures (collateral kills)
  3 adders
  A ball python (D:1)
  A bat (D:2)
  A giant cockroach (D:1)
  3 goblins (D:1)
  2 hobgoblins (D:1)
  2 kobolds (D:1)
  A giant newt (D:1)
  A rat (D:1)
15 creatures vanquished.

Vanquished Creatures (others)
  2 shadow imps (D:2)
  A bat (D:1)
  A quokka (D:1)
4 creatures vanquished.

Grand Total: 40 creatures vanquished

Notes
Turn   | Place    | Note
--------------------------------------------------------------
     0 | D:1      | dithyrambik, the Formicid Summoner, began the quest for the Orb.
     0 | D:1      | Reached XP level 1. HP: 13/13 MP: 3/3
   596 | D:1      | Reached XP level 2. HP: 19/19 MP: 1/5
   600 | D:1      | Learned a level 2 spell: Call Imp
  1142 | D:1      | Reached skill level 1 in Polearms
  1678 | D:1      | Reached XP level 3. HP: 17/24 MP: 4/7
  2478 | D:2      | HP: 1/24 [poisoned by an adder]
  2478 | D:2      | Reached XP level 4. HP: 1/30 MP: 4/8
  2480 | D:2      | Succumbed to an adder's poison

Action                   |  1- 3 |  4- 6 || total
-------------------------+-------+-------++-------
Melee: Spear             |    79 |       ||    79
 Cast: Summon Small Mamm |    17 |       ||    17
       Call Imp          |    24 |       ||    24
  Use: Scroll            |     2 |       ||     2
       Potion            |     2 |       ||     2
 Stab: Sleeping          |     1 |       ||     1
  Eat: Chunk             |     5 |       ||     5
